 Dungeon Crawl Stone Soup version 0.21.1-1-g345015f (webtiles) character file.

51 ByGGy the Poker (level 3, -9/28 HPs)
             Began as a Merfolk Skald on June 19, 2018.
             Killed from afar by matthes123's ghost (14 damage)
             ... with a flame tongue
             ... on level 3 of the Dungeon.
             The game lasted 00:08:24 (1228 turns).

ByGGy the Poker (Merfolk Skald)                     Turns: 1228, Time: 00:08:25

Health: -9/28      AC:  3    Str: 11    XL:     3   Next: 83%
Magic:  5/6        EV: 13    Int: 12    God:
Gold:   47         SH:  0    Dex: 14    Spells: 5/6 levels left

rFire    . . .     SeeInvis .   a - +0 spear
rCold    . . .     Gourm    .   (no shield)
rNeg     . . .     Faith    .   e - +0 leather armour
rPois    .         Spirit   .   (no helmet)
rElec    .         Reflect  .   (no cloak)
rCorr    .         Harm     .   (no gloves)
MR       .....                  (no boots)
Stlth    +.........             (no amulet)
HPRegen  0.09/turn              (no ring)
MPRegen  0.10/turn              (no ring)

@: infused (expiring)
A: change form in water, swift swim, stealthy swim
a: no special abilities


You were on level 3 of the Dungeon.
You were not hungry.

You visited 1 branch of the dungeon, and saw 3 of its levels.

You collected 47 gold pieces.

Inventory:

Hand Weapons
 a - a +0 spear (weapon)
Armour
 b - a +0 leather armour
 e - a +0 leather armour (worn)
Scrolls
 k - 3 scrolls of identify
 l - 3 scrolls of magic mapping
Potions
 g - a potion of mutation {unknown}
 h - a potion of ambrosia {unknown}
 i - 2 potions of heal wounds {unknown}
 j - a potion of brilliance {unknown}
 m - a potion of curing {unknown}
Books
 c - a book of Battle

   Spells                             Type                      Level
   a - Infusion                       Charms                       1
   b - Shroud of Golubria             Charms/Translocation         2
   c - Song of Slaying                Charms                       2
   d - Spectral Weapon                Hexes/Charms                 3
   e - Regeneration                   Charms/Necromancy            3
Comestibles
 d - 4 rations
 f - 2 chunks of flesh


   Skills:
 + Level 2.5 Fighting
 + Level 3.9 Polearms
 + Level 1.1 Armour
 + Level 3.5 Dodging
 + Level 0.3 Stealth
 + Level 2.2 Spellcasting
 + Level 3.4 Charms


You had 5 spell levels left.
You knew the following spells:

 Your Spells              Type           Power        Failure   Level  Hunger
a - Infusion              Chrm           #...         9%          1    ##.....


Dungeon Overview and Level Annotations

Branches:
Dungeon (3/15)

Altars:
Ashenzari

Annotations:
D:3 matthes123's ghost, amateur DrFE


Message History

Matthes123's ghost is lightly damaged.
Matthes123's ghost closely misses you.
You hit matthes123's ghost but do no damage.
Matthes123's ghost is lightly damaged.
Matthes123's ghost gestures at you while chanting.
The flame tongue hits you!
Ouch! That really hurt!
* * * LOW HITPOINT WARNING * * *
You hit matthes123's ghost but do no damage.
Matthes123's ghost is lightly damaged.
Matthes123's ghost hits you.
* * * LOW HITPOINT WARNING * * *
Found a scroll labeled AXIAVV ANWUNK.
Found a stone staircase leading down.
Found 13 stones.
Your magical infusion is running out.
You see here a scroll labeled AXIAVV ANWUNK.
Matthes123's ghost gestures at you while chanting.
The flame tongue hits you!
Ouch! That really hurt!
You die...

###### #....#
#.(..##### ....
#@........ ....
#....#### ...#.
#.W?.# .#... ###K##
..[... ###.#
.##...####...#
........##.##.....>
.......<.%.# ......
.###.......# ......


You could see matthes123's ghost and a kobold.

Vanquished Creatures
  An adder (D:2)
  An ooze (D:2)
  A ball python (D:2)
  4 bats
  2 giant cockroaches
  5 goblins
  3 hobgoblins
  4 jackals
  5 kobolds
  8 rats
34 creatures vanquished.

Notes
Turn   | Place    | Note
-------+----------+-------------------------------------------
     0 | D:1      | ByGGy the Merfolk Skald began the quest for the Orb.
     0 | D:1      | Reached XP level 1. HP: 16/16 MP: 3/3
    91 | D:1      | Reached XP level 2. HP: 10/23 MP: 5/5
   592 | D:2      | Reached XP level 3. HP: 22/28 MP: 6/6
   653 | D:2      | Reached skill level 1 in Armour
   815 | D:2      | Found a shattered altar of Ashenzari.
  1206 | D:3      | Noticed matthes123's ghost (amateur DrFE)
  1228 | D:3      | Killed from afar by matthes123's ghost

Skill      XL: |  1  2  3 |
---------------+----------+-----
Dodging        | 3 |  3.5
Armour         | 1 |  1.1
Fighting       | |  2.5
Polearms       | |  3.9
Stealth        | |  0.3
Spellcasting   | |  2.2
Charms         | |  3.4

Action                   || total
-------------------------++-------
Melee: Spear             ||   131
 Cast: Infusion          ||     5
  Use: Scroll            ||     1
  Eat: Chunk             ||     1
Armor: Leather armour    ||    29
Dodge: Dodged            ||   110
